 Dungeon Crawl Stone Soup version 0.31.0-11-ge490571c62 (webtiles) character file.

Game seed: 638008105008147772

3248 SallyLai the Charlatan (level 9, -5/64 HPs)
             Began as a Human Artificer on Jan 27, 2024.
             Was a Priest of Nemelex Xobeh.
             Slain by a yak (12 damage)
             ... on level 8 of the Dungeon.
             The game lasted 00:32:54 (7677 turns).

SallyLai the Charlatan (Human Artificer)            Turns: 7677, Time: 00:32:55

Health: -5/64      AC:  6    Str: 15    XL:     9   Next: 99%
Magic:  10/10      EV: 13    Int: 19    God:    Nemelex Xobeh [***...]
Gold:   534        SH:  5    Dex: 14    Spells: 2/11 levels left

rFire   + . .        r - +10 hammer "SallyLai's Regret" {spect, rPois Int+6}
rCold   + . .        (no shield)
rNeg    . . .        k - +1 robe {Will+}
rPois   +            g - +1 hat
rElec   .            (no cloak)
rCorr   .            (no gloves)
SInv    .            (no boots)
Will    +....        n - amulet of reflection
Stlth   +++          l - ring of protection from cold
HPRegen 0.30/turn    v - ring of protection from fire
MPRegen 0.12/turn

%: reflection
@: hasted, very quick
A: explore regen, iridescent scales 1, low MP 1, sense surroundings 1, evolution
1, sturdy frame 1
a: Renounce Religion, Draw Escape, Draw Destruction, Draw Summoning, Triple Draw


You were on level 8 of the Dungeon.
You worshipped Nemelex Xobeh.
Nemelex Xobeh was most pleased with you.
You visited 1 branch of the dungeon, and saw 8 of its levels.
You also visited: Ossuary.

You collected 534 gold pieces.

Inventory:

Hand Weapons
 a - a +0 club
 d - a +1 spectral club
 h - a +0 club
 i - a +0 sling
 j - a +2 dagger of flaming
 r - the +10 hammer "SallyLai's Regret" (weapon) {spect, rPois Int+6}
   (You found it on level 5 of the Dungeon)

   Int+6:     It affects your intelligence (+6).
   rPois:     It protects you from poison
Armour
 b - a +0 leather armour
 g - a +1 hat (worn)
 k - a +1 robe of willpower (worn)
Jewellery
 l - a ring of protection from cold (left hand)
 n - an amulet of reflection (around neck)
 v - a ring of protection from fire (right hand)
 x - a +6 ring of dexterity
 G - a ring of protection from fire
Talismans
 H - a beast talisman
Wands
 c - a wand of charming (6)
 q - a wand of roots (1)
Scrolls
 e - a scroll of fog
 m - 3 scrolls of vulnerability
 y - a scroll of teleportation
 F - a scroll of revelation
Potions
 f - 3 potions of enlightenment
 p - 2 potions of ambrosia
 s - 3 potions of mutation
 t - a potion of might
 u - 2 potions of brilliance
 w - 3 potions of curing
 z - a potion of magic
 A - a potion of cancellation {unknown}
 B - a potion of lignification
 C - a potion of berserk rage {unknown}
 D - a potion of heal wounds {unknown}


   Skills:
 * Level 3.6 Fighting
 - Level 2.3 Short Blades
 * Level 4.6 Maces & Flails
 - Level 5.0 Ranged Weapons
 * Level 2.1 Throwing
 * Level 4.2 Armour
 * Level 4.0 Dodging
 * Level 4.2 Stealth
 * Level 1.9 Shields
 * Level 1.8 Spellcasting
 * Level 2.1 Conjurations
 * Level 2.1 Summonings
 * Level 2.0 Earth Magic
 * Level 2.2 Alchemy
 * Level 2.4 Invocations
 * Level 5.2 Evocations
 * Level 1.0 Shapeshifting


You had 2 spell levels left.
You knew the following spells:

 Your Spells              Type           Power      Damage    Failure   Level
a - Sting                 Conj/Alch      40%        1d5       7%          1
b - Stone Arrow           Conj/Erth      18%        3d8       22%         3
c - Summon Small Mammal   Summ           36%        N/A       7%          1
d - Olgreb's Toxic Radia  Alch           10%        N/A       56%         4

Your spell library contained the following spells:

 Spells                   Type           Power      Damage    Failure   Level
 Mercury Vapours          Alch/Air       12%        N/A       16%         2
 Apportation              Tloc           2%         N/A       17%         1
 Necrotise                Necr           4%         1d4       17%         1
 Fugue of the Fallen      Necr           1%         N/A       45%         3
 Ozocubu's Armour         Ice            1%         N/A       45%         3
 Animate Armour           Summ/Erth      18%        N/A       58%         4
 Summon Lightning Spire   Summ/Air       5%         N/A       73%         4
 Manifold Assault         Tloc           1%         N/A       86%         4
 Lee's Rapid Deconstruct  Erth           4%         3d5*      90%         5
 Metabolic Englaciation   Hex/Ice        0%         N/A       99%         5
 Sculpt Simulacrum        Ice/Alch       3%         N/A       100%        6
 Lehudib's Crystal Spear  Conj/Erth      4%         10d3      100%        8


Dungeon Overview and Level Annotations

Branches:
Dungeon (8/15)             Temple (0/1) D:6         Ossuary (visited)
   Lair: D:8-11

Altars:
Fedhas
Nemelex Xobeh
Okawaru
Zin


Innate Abilities, Weirdness & Mutations

You regain HP and MP as you explore.
You are partially covered in iridescent scales. (AC +2)
Your magical capacity is low. (-10% MP)
You passively map a small area around you.
You have hidden genetic potential.
Your movements are slightly less encumbered by armour. (ER -2)


Message History

The yak gores your yak.
Things that are here:
a +0 mace; a +0 ring mail; an orc corpse Your yak barely misses the yak.
Your yak gores the yak.
The yak gores you. The yak barely misses your yak.
You see here a +0 short sword.
You thump the yak!
The yak is heavily wounded.
Your +10 hammer "SallyLai's Regret" {spect, rPois Int+6} hits the yak.
The yak gores you.
Your yak gores the yak!
The yak gores your +10 hammer "SallyLai's Regret" {spect, rPois Int+6}!
Your spectral weapon shares its damage with you!
The yak misses your +10 hammer "SallyLai's Regret" {spect, rPois Int+6}.
The yak gores your yak!
Your yak dies!
The yak gores you!
You sock the yak!
The yak is almost dead.
Your +10 hammer "SallyLai's Regret" {spect, rPois Int+6} hits the yak!
You kill the yak!
The yak gores you but does no damage.
Your Earth Magic skill increases to level 2!
Your Shapeshifting skill increases to level 1!
You hit the yak.
The yak is heavily wounded.
Your +10 hammer "SallyLai's Regret" {spect, rPois Int+6} closely misses the yak.
The yak gores your +10 hammer "SallyLai's Regret" {spect, rPois Int+6}!
Your spectral weapon shares its damage with you!
You block the yak's attack. The yak barely misses you. The yak gores you!
* * * LOW HITPOINT WARNING * * *
Unknown command.
You feel yourself speed up.
Your +10 hammer "SallyLai's Regret" {spect, rPois Int+6} disappears.
The yak misses you. The yak gores you!
* * * LOW HITPOINT WARNING * * *
The yak barely misses you. The yak attacks as it pursues you!
You block the yak's attack. The yak attacks as it pursues you!
The yak gores you!
You die...
Your body disappears without a glow.

# .# * ######.# ,
, ##......##.
#.......... * ,
#...†...... , ,
#..........
###)YY.......
#####..@Y.Y......
#...#.##########.
*
#####.#.#)#######
,........)......>#
* * ,
###.#.#.#########
* ###.#.#.# ### ,*
#......#.#... ,
####.##..#..#.#
##.............# ,


You could see 4 yaks.

Vanquished Creatures
  A hornet (D:8)
  A yak (D:8)
  Menkaure (D:5)
  2 centaurs
  A phantom (D:4)
  A kobold brigand (D:7)
  Blork the orc (D:5)
  A gnoll sergeant (D:6)
  6 water moccasin zombies (Ossuary)
  A scorpion (D:6)
  A burial acolyte (Ossuary)
  12 wights
  4 howler monkeys
  3 jellies
  2 orc priests
  Crazy Yiuf (D:5)
  2 iguanas
  A spectral scorpion (Ossuary)
  A sleepcap (D:4)
  3 orc wizards
  Ijyb (D:5)
  Natasha (thrice) (D:3)
  A crocodile zombie (Ossuary)
  2 mummies (Ossuary)
  7 adders
  3 gnolls
  A shadow imp (D:7)
  2 white imps (D:6)
  3 ufetubi
  5 adder zombies (Ossuary)
  2 dart slugs
  18 orcs
  11 ball pythons
  9 endoplasms
  2 giant cockroaches
  10 gnoll zombies (Ossuary)
  11 goblins
  7 hobgoblins
  9 jackals
  3 bats
  2 frilled lizards
  4 jackal zombies (Ossuary)
  13 kobolds
  2 orc zombies (Ossuary)
  3 rats
180 creatures vanquished.

Vanquished Creatures (collateral kills)
  A troll (D:8)
  A scorpion (D:6)
  2 wights
  A howler monkey (D:6)
  An orc priest (D:4)
  A gnoll (D:6)
  An ufetubus (D:5)
  An adder zombie (Ossuary)
  An orc (D:5)
  A hobgoblin (D:4)
  An orc zombie (Ossuary)
12 creatures vanquished.

Vanquished Creatures (others)
  A yak (D:8)
  A scorpion (D:6)
  A gnoll (D:6)
  A quokka (D:1)
4 creatures vanquished.

Grand Total: 196 creatures vanquished

Notes
Turn   | Place    | Note
-------+----------+-------------------------------------------
     0 | D:1      | SallyLai the Human Artificer began the quest for the Orb.
     0 | D:1      | Reached XP level 1. HP: 15/15 MP: 1/1
   172 | D:1      | Reached XP level 2. HP: 21/21 MP: 2/2
   523 | D:2      | Gained mutation: You occasionally lose the ability to drink
                  | potions when taking damage. [potion of mutation]
   523 | D:2      | Gained mutation: You are somewhat resistant to further
                  | mutation. [potion of mutation]
   639 | D:2      | Reached XP level 3. HP: 15/26 MP: 3/3
   790 | D:3      | Reached skill level 1 in Maces & Flails
   790 | D:3      | Reached XP level 4. HP: 19/32 MP: 4/4
   835 | D:3      | Reached skill level 1 in Ranged Weapons
   835 | D:3      | Reached XP level 5. HP: 34/38 MP: 5/5
   871 | D:3      | Reached skill level 1 in Short Blades
  1090 | D:3      | You fall into a shaft and drop 3 floors!
  1135 | D:6      | Reached XP level 6. HP: 5/44 MP: 6/6
  1145 | D:6      | Reached XP level 7. HP: 9/50 MP: 7/7
  1408 | D:6      | Found a sparkling altar of Nemelex Xobeh.
  1416 | D:6      | Became a worshipper of Nemelex Xobeh the Trickster
  1680 | D:6      | Found an iron altar of Okawaru.
  2243 | D:6      | Found a staircase to the Ecumenical Temple.
  2255 | D:6      | Reached XP level 8. HP: 23/57 MP: 8/8
  2529 | D:6      | Found a glowing silver altar of Zin.
  2529 | D:6      | Noticed an angel
  2609 | D:5      | Entered Level 5 of the Dungeon
  2609 | D:5      | Noticed Blork the orc
  2750 | D:5      | Found a runed translucent door.
  2808 | D:5      | Learned a level 1 spell: Sting
  2825 | D:5      | Learned a level 3 spell: Stone Arrow
  3011 | D:5      | Noticed Ijyb
  3053 | D:5      | Noticed Menkaure
  3071 | D:5      | Your ally Menkaure died
  3076 | D:5      | Killed Ijyb
  3113 | D:5      | Killed Blork the orc
  3393 | D:5      | Reached * piety under Nemelex Xobeh
  3393 | D:5      | Received a gift from Nemelex Xobeh
  3406 | D:5      | Identified the staff of Prudence {rElec Earth}
  3544 | D:5      | Learned a level 1 spell: Summon Small Mammal
  3561 | D:5      | Lost mutation: You occasionally lose the ability to drink
                  | potions when taking damage. [potion of mutation]
  3561 | D:5      | Lost mutation: You are somewhat resistant to further
                  | mutation. [potion of mutation]
  3561 | D:5      | Gained mutation: Your magical capacity is low. (-10% MP)
                  | [potion of mutation]
  3561 | D:5      | Gained mutation: You passively map a small area around you.
                  | [potion of mutation]
  3561 | D:5      | Gained mutation: You have hidden genetic potential. [potion
                  | of mutation]
  3561 | D:5      | Gained mutation: You are partially covered in iridescent
                  | scales. (AC +2) [potion of mutation]
  3839 | D:5      | Noticed Crazy Yiuf
  3845 | D:5      | Killed Crazy Yiuf
  3848 | D:5      | Identified the +10 hammer "SallyLai's Regret" {spect, rPois
                  | Int+6}
  4001 | D:4      | Reached skill level 5 in Ranged Weapons
  4156 | D:4      | Reached skill level 1 in Invocations
  4170 | D:4      | Reached skill level 1 in Alchemy
  4185 | D:4      | Received a gift from Nemelex Xobeh
  4277 | D:4      | Reached ** piety under Nemelex Xobeh
  4345 | D:4      | Identified the +9 long sword of Incongruity {venom, rPois}
  4569 | D:3      | Noticed Natasha
  4576 | D:3      | Killed Natasha
  4577 | D:3      | Reached skill level 1 in Conjurations
  4743 | D:3      | Noticed Natasha
  4750 | D:3      | Killed Natasha
  4782 | D:3      | Noticed Natasha
  4791 | D:3      | Killed Natasha
  4792 | D:3      | Reached skill level 1 in Summonings
  4792 | D:3      | Reached skill level 1 in Earth Magic
  5342 | D:1      | Found a faded altar of an unknown god.
  5656 | D:1      | Reached skill level 1 in Spellcasting
  5678 | D:1      | Reached skill level 1 in Throwing
  6074 | D:7      | Found a sand-covered staircase.
  6100 | Ossuary  | Entered an ossuary
  6108 | Ossuary  | Reached XP level 9. HP: 63/63 MP: 9/9
  6138 | Ossuary  | Reached skill level 1 in Shields
  6139 | Ossuary  | Noticed a soul eater
  6309 | Ossuary  | Gained mutation: Your movements are slightly less
                  | encumbered by armour. (ER -2) [hidden potential]
  6318 | Ossuary  | Learned a level 4 spell: Olgreb's Toxic Radiance
  6654 | D:7      | Received a gift from Nemelex Xobeh
  6666 | D:7      | Reached *** piety under Nemelex Xobeh
  7000 | D:7      | Received a gift from Nemelex Xobeh
  7445 | D:8      | Noticed a troll
  7449 | D:8      | Found a blossoming altar of Fedhas.
  7460 | D:8      | Killed a troll
  7461 | D:8      | Reached skill level 5 in Evocations
  7469 | D:8      | Noticed a hornet
  7476 | D:8      | Paralysed by a hornet for 2 turns
  7496 | D:8      | Killed a hornet
  7674 | D:8      | Reached skill level 1 in Shapeshifting
  7677 | D:8      | Slain by a yak

Illustrated notes

Levels and vault maps discovered:
D:1:      dpeg_chamrin_arrival_tetris, layout_rooms,
          dreamdust_ecumenical_altar_statues
D:2:      kennysheep_the_goblin_king, layout_loops_corners,
          serial_bayou_crossing
D:3:      layout_rooms, uniq_natasha
D:4:      layout_gridville, dk_noncrumbling_2
D:5:      layout_gridville, hangedman_abyss_or_decor_lesser_grid, uniq_menkaure,
          uniq_blork_the_orc, uniq_ijyb, uniq_crazy_yiuf_cottage
D:6:      layout_rooms, zin_angel, nemelex_diamond_rough_becter,
          okawaru_ov_weapons_minmay, minmay_temple_entry_proselytizer,
          hangedman_abyss_or_decor_passed, kennysheep_potato
D:7:      layout_basic, nicolae_ossuary_entry_false_entrances
D:8:      layout_basic, mainiacjoe_overflow_cross_hatched

Skill      XL: |  1  2  3  4  5  6  7  8  9 |
---------------+----------------------------+-----
Maces & Flails | 1 2 3 4 |  4.6
Ranged Weapons | 1 2 3 4 5 |  5.0
Dodging        | 2 3 4 |  4.0
Stealth        | 2 3 4 |  4.2
Short Blades   | 1 2 |  2.3
Fighting       | 2 3 |  3.6
Evocations     | 4 5 |  5.2
Armour         | 3 4 |  4.2
Invocations    | 1 2 |  2.4
Alchemy        | 1 2 |  2.2
Conjurations   | 1 2 |  2.1
Summonings     | 1 2 |  2.1
Earth Magic    | 1 2 |  2.0
Spellcasting   | 1 |  1.8
Throwing       | 1 2 |  2.1
Shields        | 1 |  1.9
Shapeshifting  | 1 |  1.0

Action                     |  1- 3 |  4- 6 |  7- 9 || total
---------------------------+-------+-------+-------++-------
  Melee: Club              |    84 |       |    23 ||   107
         Mace              |       |       |   166 ||   166
         Punch             |       |       |     1 ||     1
   Fire: Sling             |     7 |    34 |   137 ||   178
  Throw: Boomerang         |       |       |    30 ||    30
   Cast: Stone Arrow       |       |       |     7 ||     7
         Sting             |       |       |     2 ||     2
         Summon Small Mamm |       |       |     2 ||     2
 Invoke: Draw Destruction  |       |       |    10 ||    10
         Draw Escape       |       |       |     4 ||     4
         Draw Summoning    |       |       |     2 ||     2
  Evoke: Wand              |    11 |    10 |    24 ||    45
    Use: Scroll            |     2 |     3 |    16 ||    21
         Potion            |     1 |       |     5 ||     6
   Stab: Sleeping          |       |       |     8 ||     8
         Distracted        |       |       |     3 ||     3
 Armour: Leather armour    |    63 |     7 |     1 ||    71
         Robe              |       |       |   232 ||   232
  Dodge: Dodged            |    76 |    11 |   300 ||   387
  Block: Other             |       |       |    86 ||    86
         Reflection        |       |       |     6 ||     6
